 Dungeon Crawl Stone Soup version 0.28-a0-938-gbc3f381ebc (webtiles) character file.

Game seed: 9893370618113630256

12 Decritt the Slasher (level 2, 23/24 HPs)
             Began as a Human Cinder Acolyte on Nov 28, 2021.
             Was a High Priest of Ignis.
             Quit the game on level 1 of the Dungeon.
             The game lasted 00:01:58 (157 turns).

Decritt the Slasher (Human Cinder Acolyte)           Turns: 157, Time: 00:01:58

Health: 23/24      AC:  9    Str: 14    XL:     2   Next: 45%
Magic:  3/3        EV: 11    Int: 14    God:    Ignis [*****.]
Gold:   12         SH:  0    Dex:  8    Spells: 3/3 levels left

rFire   + . .      SeeInvis .   a - -1 falchion (flame)
rCold   . . .      Faith    .   (no shield)
rNeg    . . .      Spirit   .   b - +0 robe
rPois   .          Reflect  .   (no helmet)
rElec   .          Harm     .   (no cloak)
rCorr   .          Rampage  .   (no gloves)
Will    .....                   (no boots)
Stlth   +.........              (no amulet)
HPRegen 0.08/turn               (no ring)
MPRegen 0.08/turn               (no ring)

@: fiery-armoured (expiring)
A: no striking features
a: Renounce Religion, Fiery Armour, Foxfire Swarm, Rising Flame


You were on level 1 of the Dungeon.
You worshipped Ignis.
Ignis was extremely pleased with you.
You visited 1 branch of the dungeon, and saw 1 of its levels.

You collected 12 gold pieces.

Inventory:

Hand Weapons
 a - a -1 falchion of flaming (weapon)
Armour
 b - a +0 robe (worn)
Potions
 c - 2 potions of magic {unknown}


   Skills:
 + Level 3.1 Fighting
 + Level 3.2 Long Blades
 + Level 1.3 Spellcasting
 + Level 3.1 Fire Magic


You had 3 spell levels left.
You didn't know any spells.
Your spell library contained the following spells:

 Spells                   Type           Power      Damage    Failure   Level
 Scorch                   Fire           18%        2d5       11%         2


Dungeon Overview and Level Annotations

Branches:
Dungeon (1/15)

Altars:


Message History

The dart slug launches a dart at you. The slug dart misses you.
The slug dart hits the fungus.
The fungus begins to die.
You hit the dart slug. You burn the dart slug.
You kill the dart slug!
No target in view!
No target in view!
You see here a dart slug corpse.
A nearby fungus withers and dies.
Found a faded altar of an unknown god.
A frilled lizard comes into view.
The frilled lizard hisses angrily.
The frilled lizard closely misses you. The frilled lizard bites you.
The frilled lizard is burned by your cloak of flames.
You kill the frilled lizard!
c - 2 fizzy red potions
Okay, then.
Okay, then.
Unknown command.
Found an escape hatch in the floor.
A ball python and a goblin come into view.
A kobold comes into view. It is wielding a +0 short sword.
The kobold shouts!
The ball python hisses angrily.
You hit the goblin. You burn the goblin.
You kill the goblin!
A hobgoblin comes into view.
The ball python bites you.
The ball python is burned by your cloak of flames.
You kill the ball python!
The hobgoblin shouts!
Found a stone staircase leading down.
The kobold hits you but does no damage.
The kobold is burned by your cloak of flames.
You kill the kobold!
The hobgoblin hits you but does no damage.
The hobgoblin is burned by your cloak of flames.
The hobgoblin is heavily wounded.
The hobgoblin barely misses you.
Are you sure you want to abandon this character and quit the game? (Confirm with "yes".)

#.....>......
######..#†..#)###.
#.............###.
#.###...).......#.
#>..............#.
#.#.....#########.
#....###P...#....#
#...#...P..P#PPP†.
#@g##P..P.P.#.P..P
#.#...P.....#..P..
#.#........._..P..
#.#.........#.P...
#..##PP..P.P#.P..P
#.# ...... #.....
#.# ##. #...P# #.#
#####. .


You could see a hobgoblin.

Vanquished Creatures
  A dart slug (D:1)
  A giant cockroach (D:1)
  A goblin (D:1)
  2 quokkas (D:1)
  2 ball pythons (D:1)
  A frilled lizard (D:1)
  2 kobolds (D:1)
  A rat (D:1)
11 creatures vanquished.

Vanquished Creatures (others)
  2 demonic plants (D:1)
  7 foxfires (D:1)
  A fungus (D:1)
  A withered plant (D:1)
11 creatures vanquished.

Grand Total: 22 creatures vanquished

Notes
Turn   | Place    | Note
-------+----------+-------------------------------------------
     0 | D:1      | Decritt the Human Cinder Acolyte began the quest for the
                  | Orb.
     0 | D:1      | Reached XP level 1. HP: 18/18 MP: 2/2
    97 | D:1      | Reached XP level 2. HP: 22/24 MP: 3/3
   109 | D:1      | Found a faded altar of an unknown god.
   157 | D:1      | Quit the game

Illustrated notes

Levels and vault maps discovered:
D:1:      elethiomel_arrival_maze, layout_basic, shapermc_ecumenical_altar_gd,
          minmay_pentomino_w4

Action                   || total
-------------------------++-------
Melee: Falchion          ||     7
Invok: Foxfire Swarm     ||     1
       Fiery Armour      ||     1
Armor: Robe              ||     6
Dodge: Dodged            ||    12

Table legend: (Time is in decaauts)
 A = Elapsed time spent in this place.
 B = Non-inter-level travel time spent in this place.
 C = Inter-level travel time spent in this place.
 D = Time resting spent in this place.
 E = Time spent auto-exploring this place.
 F = Levels seen in this place.
 G = Mean time per level.
                   A        B        C        D        E       F      G
               +--------+--------+--------+--------+--------+-----+--------+
         Total |    158 |    158 |      0 |      0 |     67 |   1 |  158.0 |
       Dungeon |    158 |    158 |      0 |      0 |     67 |   1 |  158.0 |
               +--------+--------+--------+--------+--------+-----+--------+

Top non-repeatable levels by time:
     D:1: 158 daAuts
